 Dungeon Crawl Stone Soup version 0.22-a0-406-g9ff8d77 (webtiles) character file.

460 dstrtnsr the Chopper (level 6, -9/58 HPs)
             Began as a Deep Dwarf Fighter on May 8, 2018.
             Mangled by Prince Ribbit (11 damage)
             ... on level 5 of the Dungeon.
             The game lasted 00:02:19 (1382 turns).

dstrtnsr the Chopper (Deep Dwarf Fighter)           Turns: 1382, Time: 00:02:20

Health: -9/58      AC: 13    Str: 21    XL:     6   Next: 78%
Magic:  3/3        EV:  4    Int:  9    God:
Gold:   182        SH:  9    Dex: 12    Spells: 5/5 levels left

rFire    . . .     SeeInvis .   a - +0 war axe
rCold    . . .     Gourm    .   c - +0 shield
rNeg     . . .     Faith    .   o - +0 plate armour
rPois    .         Spirit   .   s - +2 hat
rElec    .         Reflect  .   (no cloak)
rCorr    .         Harm     .   (no gloves)
MR       .....                  (no boots)
Stlth    ..........             (no amulet)
HPRegen  0.00/turn              (no ring)
MPRegen  0.08/turn              (no ring)

@: non-regenerating
A: damage resistance, heal wounds, sense surroundings 1, no regeneration
a: Heal Wounds


You were on level 5 of the Dungeon.
You were not hungry.

You visited 1 branch of the dungeon, and saw 5 of its levels.

You collected 182 gold pieces.

Inventory:

Hand Weapons
 a - a +0 war axe (weapon)
Armour
 b - a +0 scale mail
 c - a +0 shield (worn)
 o - a +0 plate armour (worn)
 s - a +2 hat (worn)
Scrolls
 i - 5 scrolls of remove curse {@r2}
 k - a scroll of magic mapping
 p - a scroll of teleportation {unknown}
 q - 2 scrolls of identify {unknown}
Potions
 d - a potion of might
 g - a potion of berserk rage {unknown}
 h - a potion of brilliance {unknown}
 j - a potion of agility {unknown}
 m - a potion of degeneration {unknown}
 n - 2 potions of curing {unknown}
 r - a potion of invisibility
Comestibles
 e - 8 rations {!d}
 l - 4 chunks of flesh


   Skills:
 + Level 4.4 Fighting
 * Level 5.9 Axes
 - Level 4.1 Armour
 - Level 4.1 Shields


You had 5 spell levels left.
You didn't know any spells.

Dungeon Overview and Level Annotations

Branches:
Dungeon (5/15)
 Temple: D:4-7

Altars:
Fedhas
Vehumet

Annotations:
D:5 Grinder, Prince Ribbit


Innate Abilities, Weirdness & Mutations

You are resistant to damage.
You can heal yourself by infusing magical energy.
You passively map a small area around you.
You do not regenerate.


Message History

Grinder hits you but does no damage.
Your plate armour prevents you from hitting Grinder.
Grinder is almost dead.
Grinder blinks!
Grinder blinks!
Grinder says, "There's only one good use for a tongue: cutting it out."
Grinder blinks!
Grinder gestures at you. Pain shoots through your body!
Your plate armour prevents you from hitting Grinder.
Grinder is almost dead.
Prince Ribbit blinks!
Grinder blinks!
Prince Ribbit catches a baby bat with his tongue.
Unknown command.
Prince Ribbit blinks!
Prince Ribbit hops awkwardly around.
Prince Ribbit hits you!
* * * LOW HITPOINT WARNING * * *
Grinder gestures at you. Pain shoots through your body!
* * * LOW HITPOINT WARNING * * *
You are too injured to fight recklessly!
You are too injured to fight recklessly!
You are too injured to fight recklessly!
You are too injured to fight recklessly!
You are too injured to fight recklessly!
You are too injured to fight recklessly!
You are too injured to fight recklessly!
You are too injured to fight recklessly!
You are too injured to fight recklessly!
You are too injured to fight recklessly!
You are too injured to fight recklessly!
You are too injured to fight recklessly!
You are too injured to fight recklessly!
You are too injured to fight recklessly!
You are too injured to fight recklessly!
You are too injured to fight recklessly!
You are too injured to fight recklessly!
You are too injured to fight recklessly!
Unknown command.
You feel much better.
Prince Ribbit hits you but does no damage.
Grinder hits you.
You feel much better.
Prince Ribbit blinks!
You block Grinder's attack.
You closely miss Grinder.
Grinder is almost dead.
Prince Ribbit blinks!
Grinder gestures at you.
You suddenly lose the ability to move!
Prince Ribbit blinks!
Grinder gestures at you.
You shrug off the repeated paralysis!
Grinder hits you but does no damage. Grinder gestures at you.
You resist with significant effort. Grinder hits you but does no damage.
Prince Ribbit winks and puckers his lips.
Prince Ribbit hits you! Grinder hits you but does no damage.
You can move again.
Your plate armour prevents you from hitting Grinder.
Grinder is severely wounded.
You barely miss Prince Ribbit.
Prince Ribbit lets out a mournful croak.
Prince Ribbit hits you!
Grinder blinks!
Prince Ribbit hits you but does no damage.
Prince Ribbit hits you! You block Prince Ribbit's attack.
Grinder gestures at you.
You shrug off the repeated paralysis!
You closely miss Prince Ribbit.
Prince Ribbit is severely wounded.
Prince Ribbit sighs, "It's not easy being green!"
Prince Ribbit hits you but does no damage.
Grinder says, "FISH!"
Prince Ribbit barely misses you.
Unknown command.
You closely miss Grinder.
Grinder is severely wounded.
You closely miss Prince Ribbit. You block Grinder's attack.
Prince Ribbit hits you! Grinder hits you but does no damage.
You block Prince Ribbit's attack.
You hit Grinder.
Grinder is almost dead.
You barely miss Prince Ribbit. You block Prince Ribbit's attack.
Grinder hits you.
You writhe in agony.
* * * LOW HITPOINT WARNING * * *
You closely miss Grinder.
Grinder is almost dead.
You hit Prince Ribbit. Prince Ribbit hits you!
* * * LOW HITPOINT WARNING * * *
Grinder gestures at you. Pain shoots through your body!
* * * LOW HITPOINT WARNING * * *
Prince Ribbit mumbles some strange words.
Prince Ribbit looks slightly unstable.
You hit Grinder.
Grinder is almost dead.
Your shield and plate armour prevent you from hitting Prince Ribbit.
Prince Ribbit barely misses you. Grinder hits you but does no damage.
Prince Ribbit hits you!
You die...

... #.# , #.#####.###
* , #.........# .
#.......<.# ,, ..#
#.#.......# ,*
...#%#.......####**
*# .................,
. , *
###.....######## # ,*
, #.@F...#### ### ,
###5......# #####.. ,
, ##..>.##.###......
#.........##...... *
.....###)##..........
** ..###
#.##.###...... . #.#
, #...... * #. #.#*
#...... * ..... #(# ,
#......


You could see Prince Ribbit and Grinder.

Vanquished Creatures
  Blork the orc (D:5)
  A water moccasin zombie (D:5)
  A howler monkey (D:5)
  A bullfrog zombie (D:4)
  2 orc priests (D:3)
  2 orc wizards (D:4)
  A centaur skeleton (D:5)
  An iguana (D:4)
  A worker ant (D:5)
  An adder (D:5)
  2 adder skeletons
  2 worms
  A dart slug (D:3)
  A leopard gecko (D:5)
  11 orcs
  2 goblins
  3 hobgoblins
  4 jackals (D:4)
  4 kobolds
  A quokka (D:4)
  4 bats
  A frilled lizard (D:4)
  A jackal skeleton (D:5)
  3 rats
52 creatures vanquished.

Notes
Turn   | Place    | Note
-------+----------+-------------------------------------------
     0 | D:1      | dstrtnsr the Deep Dwarf Fighter began the quest for the Orb.
     0 | D:1      | Reached XP level 1. HP: 20/20 MP: 1/1
   168 | D:2      | Reached XP level 2. HP: 22/27 MP: 2/2
   324 | D:3      | Found a faded altar of an unknown god.
   381 | D:3      | Found a radiant altar of Vehumet.
   399 | D:3      | HP: 9/27 [orc priest/divine providence (11)]
   413 | D:3      | Reached XP level 3. HP: 29/34 MP: 2/2
   459 | D:3      | Reached skill level 3 in Axes
   611 | D:3      | HP: 11/34 [orc priest/divine providence (10)]
   616 | D:3      | Reached XP level 4. HP: 40/42 MP: 2/2
   798 | D:4      | HP: 16/42 [orc/poisoned tomahawk (1)]
   846 | D:4      | Reached XP level 5. HP: 47/49 MP: 3/3
   846 | D:4      | Reached skill level 4 in Axes
  1083 | D:5      | Entered Level 5 of the Dungeon
  1109 | D:5      | Found a blossoming altar of Fedhas.
  1134 | D:5      | Noticed Prince Ribbit
  1146 | D:5      | HP: 20/50 [Prince Ribbit (8)]
  1151 | D:5      | HP: 7/50 [Prince Ribbit (13)]
  1159 | D:5      | HP: 19/50 [Prince Ribbit (4)]
  1214 | D:5      | Reached skill level 5 in Axes
  1214 | D:5      | Reached XP level 6. HP: 25/57 MP: 4/4
  1261 | D:5      | Noticed Grinder
  1263 | D:5      | Noticed Blork the orc
  1295 | D:5      | Killed Blork the orc
  1325 | D:5      | HP: 18/58 [Prince Ribbit (10)]
  1335 | D:5      | HP: 14/58 [Prince Ribbit (8)]
  1363 | D:5      | HP: 23/58 [Grinder/nerve-wracking pain (1)]
  1366 | D:5      | HP: 2/58 [Grinder/nerve-wracking pain (12)]
  1369 | D:5      | Paralysed by Grinder for 6 turns
  1379 | D:5      | HP: 23/58 [Prince Ribbit (4)]
  1381 | D:5      | HP: 8/58 [Prince Ribbit (9)]
  1381 | D:5      | HP: 2/58 [Grinder/nerve-wracking pain (6)]
  1382 | D:5      | Mangled by Prince Ribbit

Vault maps used:
D:1:      minmay_arrival_jagged
D:2:      grunt_ministairs_11, due_unseen_surprise
D:3:      old_standard_altar, first_ration, chequers_ecumenical_altar_simple
D:5:      fedhas_altar_1, uniq_grinder, uniq_blork_the_orc, uniq_prince_ribbit1

Skill      XL: |  1  2  3  4  5 |
---------------+----------------+-----
Fighting       | 3 4 |  4.4
Axes           | 3 5 |  5.9
Armour         | 4 |  4.1
Shields        | 4 |  4.1

Action                   |  1- 3 |  4- 6 || total
-------------------------+-------+-------++-------
Melee: War axe           |    74 |   203 ||   277
 Abil: Heal Wounds       |     2 |     9 ||    11
  Use: Scroll            |       |     2 ||     2
  Eat: Chunk             |       |     2 ||     2
Armor: Scale mail        |    26 |       ||    26
       Plate armour      |    11 |   126 ||   137
Dodge: Dodged            |    22 |    26 ||    48
Block: Shield            |    41 |   113 ||   154

Table legend:
 A = Spawn XP
 B = Non-spawn XP
 C = Spawn XP percentage of total XP
 D = Spawn monster count
 E = Non-spawn monster count
 F = Spawn count percentage of total count
 G = Total turns spent on level
                    A         B        C        D         E        F      G
               +---------+---------+-------+---------+---------+-------+---------
         Total |       0 |     658 |   0.0 |       0 |      52 |   0.0 |  1382
               +---------+---------+-------+---------+---------+-------+---------
           D:1 |       0 |      11 |   0.0 |       0 |       7 |   0.0 |   149
           D:2 |       0 |       8 |   0.0 |       0 |       6 |   0.0 |   175
           D:3 |       0 |     112 |   0.0 |       0 |      13 |   0.0 |   302
           D:4 |       0 |     195 |   0.0 |       0 |      15 |   0.0 |   457
           D:5 |       0 |     332 |   0.0 |       0 |      11 |   0.0 |   299
               +---------+---------+-------+---------+---------+-------+---------
